 Dungeon Crawl Stone Soup version 0.29.0-4-gdea44cf6ec (webtiles) character file.

Game seed: 8964430743965221489

12825 qw the Brawler (level 11, -5/107 HPs)
             Began as a Troll Cinder Acolyte on Sept 1, 2022.
             Was an Initiate of Okawaru.
             Slain by a ten-headed hydra (14 damage)
             ... on level 3 of the Lair of Beasts.
             The game lasted 00:05:00 (9449 turns).

qw the Brawler (Troll Cinder Acolyte)               Turns: 9449, Time: 00:05:01

Health: -5/107     AC:  5    Str: 32    XL:     11   Next: 67%
Magic:  11/11      EV:  9    Int: 10    God:    Okawaru [......]
Gold:   855        SH:  0    Dex:  5    Spells: 12/12 levels left

rFire   . . .      SeeInvis .     - Unarmed
rCold   . . .      Faith    .   (no shield)
rNeg    . . .      Spirit   .   a - +0 robe
rPois   .          Reflect  .   (helmet restricted)
rElec   .          Harm     .   q - +0 cloak {Will+}
rCorr   +          Rampage  .   (gloves unavailable)
Will    ++...                   (boots unavailable)
Stlth   +.........              d - amulet of the acrobat
HPRegen 1.07/turn               c - ring of resist corrosion
MPRegen 0.12/turn               l - +6 ring of strength

@: about to teleport, fire susceptible
A: large, unfitting armour, claws 3, regeneration 1, shaggy fur 1, tough skin 1,
strong-willed 1, weak 1
a: Renounce Religion


You were on level 3 of the Lair of Beasts.
You worshipped Okawaru.
Okawaru was noncommittal.
You visited 2 branches of the dungeon, and saw 12 of its levels.

You collected 855 gold pieces.


Innate Abilities, Weirdness & Mutations

You are too large for most types of armour.
You have claws for hands.
Your natural rate of healing is unusually fast.
You are covered in fur. (AC +1)
You have tough skin. (AC +1)
You are strong-willed. (Will+)
You are weak. (Str -2)


   Skills:
 + Level 6.7 Fighting
 - Level 5.0 Throwing
 - Level 1.1 Armour
 - Level 1.3 Dodging
 - Level 16.2 Unarmed Combat
 - Level 1.0 Spellcasting
 - Level 2.1 Fire Magic


You had 12 spell levels left.
You didn't know any spells.
Your spell library contained the following spells:

 Spells                   Type           Power      Damage    Failure   Level
 Scorch                   Fire           8%         2d5       22%         2

Inventory:

Missiles
 m - 6 boomerangs (quivered)
 o - 2 silver javelins
Armour
 a - a +0 robe (worn)
 e - a +1 cloak
 q - a +0 cloak of willpower (worn)
Jewellery
 c - a ring of resist corrosion (left claw)
 d - an amulet of the acrobat (around neck)
 l - a +6 ring of strength (right claw)
Scrolls
 g - 5 scrolls of identify
 n - a scroll of enchant weapon
Potions
 b - a potion of cancellation
 f - a potion of haste
 h - 2 potions of might
 i - 3 potions of curing

Dungeon Overview and Level Annotations

Branches:
Dungeon (9/15)             Temple (0/1) D:6            Lair (3/5) D:9
 Shoals (0/4) Lair:2
  Snake: Lair:2-3    Spider: Lair:2-3       Orc: D:9-12

Altars:
Elyvilon
Gozag
Hepliaklqana
Kikubaaqudgha
Makhleb
Nemelex Xobeh
Okawaru
Qazlal
Ru
Trog
Vehumet


Message History

There is a staircase to the Lair here.
You climb downwards.
Welcome back to the Lair of Beasts!
There is a staircase back to the Dungeon here.
You see here 5 stones.
There is a stone staircase leading down here.
You climb downwards.
There is a stone staircase leading up here.
There is a stone staircase leading down here.
You climb downwards.
There is a stone staircase leading up here.
Existing waypoints: (1) D:6 (2) Lair:2 Assign waypoint to what number? (0-9, D - delete waypoint) Waypoint 2 re-assigned from Lair:2 to Lair:3.
An eight-headed hydra comes into view.
The eight-headed hydra roars!
You tear one of the eight-headed hydra's heads off!
The seven-headed hydra grows two more!
You claw the nine-headed hydra!
The nine-headed hydra is moderately wounded.
The nine-headed hydra bites you! x2
The nine-headed hydra closely misses you.
The nine-headed hydra bites you! x2; The nine-headed hydra misses you.
The nine-headed hydra bites you! x2
The nine-headed hydra barely misses you.
You rip one of the nine-headed hydra's heads off!
The eight-headed hydra grows two more!
You mangle the ten-headed hydra!!
The ten-headed hydra is heavily wounded.
The ten-headed hydra barely misses you. The ten-headed hydra bites you!
The ten-headed hydra bites you but does no damage.
The ten-headed hydra closely misses you.
The ten-headed hydra bites you. x3
The ten-headed hydra closely misses you.
The ten-headed hydra barely misses you. The ten-headed hydra bites you.
9449 ||| READING scroll of teleportation.
As you read the scroll of teleportation, it crumbles to dust.
You feel strangely unstable. The ten-headed hydra bites you!
The ten-headed hydra bites you but does no damage. x2
The ten-headed hydra bites you!
You die...

####+## ##
#......##.
#......#.######
.......+......#.
.......P@D......
........##..#P..
#.P+.#..## ##
#....<.#
####...# #P..#
##.## ..# ...


You could see a ten-headed hydra.

Vanquished Creatures
  A hydra (Lair:1)
  Erica (Lair:2)
  Maurice (D:9)
  2 cane toads
  Joseph (D:9)
  3 komodo dragons
  A polar bear (Lair:2)
  Prince Ribbit (D:5)
  9 blink frogs
  A snapping turtle (Lair:2)
  A wyvern (Lair:2)
  Sigmund (D:6)
  15 yaks
  A basilisk (Lair:1)
  Eustachio (D:5)
  Edmund (D:4)
  A water moccasin (D:5)
  Duvessa (D:5)
  4 orc warriors
  4 black bears
  2 ice beasts
  A sky beast (D:8)
  5 wolves (Lair:2)
  2 centaurs
  A phantom (D:5)
  10 bullfrogs
  6 scorpions
  12 wights
  Dowan (D:5)
  3 killer bees (D:9)
  3 electric eels
  A vampire bat (D:6)
  A howler monkey (D:9)
  2 jellies
  A hound (D:5)
  4 orc priests
  8 orc wizards
  4 iguanas
  6 gnolls
  6 adders
  A shadow imp (D:7)
  An ufetubus (D:5)
  A worm (D:2)
  A dart slug (D:3)
  39 orcs
  2 bat skeletons (D:6)
  4 bat zombies (D:6)
  5 endoplasms
  4 giant cockroaches
  11 goblins
  6 hobgoblins
  2 jackals (D:4)
  4 quokkas
  8 ball pythons
  4 bats
  2 frilled lizards
  4 kobolds
  4 rats
233 creatures vanquished.

Vanquished Creatures (others)
  11 fungi
  18 plants
29 creatures vanquished.

Grand Total: 262 creatures vanquished

Notes
Turn   | Place    | Note
-------+----------+-------------------------------------------
     0 | D:1      | qw the Troll Cinder Acolyte began the quest for the Orb.
     0 | D:1      | Reached XP level 1. HP: 22/22 MP: 1/1
     0 | D:1      | 0 ||| qw: Version: 0.1-a-97-g2dd2ca4
     0 | D:1      | 0 ||| qw: Game counter: 4813
     0 | D:1      | 0 ||| qw: Always use a shield: true
     0 | D:1      | 0 ||| qw: God list: Okawaru
     0 | D:1      | 0 ||| qw: Allow faded altars: false
     0 | D:1      | 0 ||| qw: Do Orc after D:15 true
     0 | D:1      | 0 ||| qw: Do second Lair branch before Depths: true
     0 | D:1      | 0 ||| qw: Lair rune preference: random
     0 | D:1      | 0 ||| qw: Plans: Normal
     0 | D:1      | 0 ||| PLANNING D:1-11
   267 | D:1      | Reached XP level 2. HP: 29/29 MP: 2/2
   321 | D:1      | Found a faded altar of an unknown god.
   373 | D:1      | Reached skill level 4 in Unarmed Combat
   724 | D:1      | 724 ||| DROPPING orb of wrath.
   725 | D:1      | 725 ||| UPGRADING to +1 cloak.
   730 | D:1      | 730 ||| UPGRADING to amulet of guardian spirit.
   735 | D:1      | 735 ||| READING scroll labelled NAF SOASKOXI.
   836 | D:1      | 836 ||| READING 3 scrolls labelled SOGARELIRU.
   837 | D:1      | 837 ||| READING scroll labelled ELAJEKL WOMURI.
   842 | D:1      | 842 ||| READING scroll labelled MOFYFYREVO.
   843 | D:1      | 843 ||| DRINKING 2 metallic pink potions.
   878 | D:1      | 878 ||| DRINKING 2 murky orange potions.
   879 | D:1      | 879 ||| DROPPING potion of lignification.
   916 | D:2      | Reached XP level 3. HP: 36/36 MP: 3/3
   960 | D:2      | Found a radiant altar of Vehumet.
   979 | D:2      | 979 ||| Stepping ~*~*~tactically~*~*~ (stealth).
  1053 | D:2      | 1053 ||| Stepping ~*~*~tactically~*~*~ (stealth).
  1123 | D:2      | Reached skill level 1 in Throwing
  1247 | D:2      | 1247 ||| READING scroll labelled URHUQ WIHAHEALAS.
  1248 | D:2      | 1248 ||| DRINKING 3 inky potions.
  1249 | D:2      | 1249 ||| DROPPING 2 potions of attraction.
  1378 | D:3      | 1378 ||| Stepping ~*~*~tactically~*~*~ (stealth).
  1388 | D:3      | Reached XP level 4. HP: 44/44 MP: 4/4
  1912 | D:3      | Found a hazy altar of Hepliaklqana.
  2132 | D:3      | 2132 ||| UPGRADING to ring of resist corrosion.
  2133 | D:3      | 2133 ||| READING scroll labelled SYBALO SUOMU.
  2134 | D:3      | 2134 ||| READING scroll labelled NIEFAUH CANAY.
  2156 | D:3      | 2156 ||| READING 5 scrolls of identify.
  2156 | D:3      | 2156 ||| IDENTIFYING sapphire potion
  2157 | D:3      | 2157 ||| DROPPING potion of brilliance.
  2271 | D:4      | Noticed a black bear
  2283 | D:4      | Killed a black bear
  2284 | D:4      | Reached skill level 5 in Unarmed Combat
  2284 | D:4      | Reached XP level 5. HP: 33/50 MP: 2/5
  2396 | D:4      | Noticed Edmund
  2402 | D:4      | 2402 ||| INVOKING Fiery Armour.
  2403 | D:4      | HP: 10/41 [Edmund/+2 flail of draining (6)]
  2405 | D:4      | Killed Edmund
  2406 | D:4      | Reached skill level 6 in Unarmed Combat
  2406 | D:4      | Reached XP level 6. HP: 12/58 MP: 2/6
  2517 | D:4      | You fall into a shaft and drop 1 floor!
  2517 | D:5      | Entered Level 5 of the Dungeon
  2518 | D:5      | Noticed Eustachio
  2520 | D:5      | 2520 ||| Stepping ~*~*~tactically~*~*~ (hiding).
  2525 | D:5      | 2525 ||| Stepping ~*~*~tactically~*~*~ (outnumbered).
  2526 | D:5      | 2526 ||| Stepping ~*~*~tactically~*~*~ (outnumbered).
  2527 | D:5      | 2527 ||| Stepping ~*~*~tactically~*~*~ (outnumbered).
  2558 | D:5      | Killed Eustachio
  2559 | D:5      | Reached skill level 7 in Unarmed Combat
  2645 | D:5      | Reached XP level 7. HP: 43/66 MP: 5/7
  2650 | D:5      | 2650 ||| Stepping ~*~*~tactically~*~*~ (outnumbered).
  2651 | D:5      | 2651 ||| Stepping ~*~*~tactically~*~*~ (outnumbered).
  2652 | D:5      | 2652 ||| Stepping ~*~*~tactically~*~*~ (outnumbered).
  2653 | D:5      | 2653 ||| Stepping ~*~*~tactically~*~*~ (outnumbered).
  2701 | D:5      | Reached skill level 8 in Unarmed Combat
  2701 | D:5      | Noticed Prince Ribbit
  2738 | D:5      | Killed Prince Ribbit
  2739 | D:5      | Reached skill level 3 in Fighting
  2817 | D:5      | Found a radiant altar of Vehumet.
  2825 | D:5      | 2825 ||| READING scroll labelled OTHRYA LITZALAN.
  2826 | D:5      | 2826 ||| READING scroll labelled SYPSEKL KAIPRERCHUW.
  2827 | D:5      | 2827 ||| READING 5 scrolls of identify.
  2827 | D:5      | 2827 ||| IDENTIFYING fuming grey potion
  3000 | D:4      | 3000 ||| Stepping ~*~*~tactically~*~*~ (stealth).
  3178 | D:4      | 3178 ||| READING scroll labelled IWIACE YMEWIRUI.
  3179 | D:4      | 3179 ||| READING 4 scrolls of identify.
  3179 | D:4      | 3179 ||| IDENTIFYING grey potion
  3180 | D:4      | 3180 ||| DROPPING potion of flight.
  3202 | D:5      | 3202 ||| STAIRDANCE
  3208 | D:5      | 3208 ||| STAIRDANCE
  3214 | D:5      | 3214 ||| STAIRDANCE
  3228 | D:5      | 3228 ||| DRINKING 2 potions of curing.
  3228 | D:5      | 3228 ||| (to cure confusion)
  3274 | D:5      | 3274 ||| INVOKING Fiery Armour.
  3275 | D:5      | Reached skill level 9 in Unarmed Combat
  3275 | D:5      | Reached XP level 8. HP: 37/78 MP: 4/8
  3353 | D:5      | Reached skill level 1 in Dodging
  3467 | D:5      | Found a bloodstained altar of Trog.
  3513 | D:5      | Found an opulent altar of Gozag.
  3513 | D:5      | Noticed Duvessa
  3513 | D:5      | Noticed Dowan
  3514 | D:5      | 3514 ||| INVOKING Fiery Armour.
  3520 | D:5      | Killed Duvessa
  3523 | D:5      | Killed Dowan
  3596 | D:5      | Reached skill level 10 in Unarmed Combat
  3614 | D:5      | 3614 ||| READING 3 scrolls of identify.
  3614 | D:5      | 3614 ||| IDENTIFYING ruby potion
  3615 | D:5      | 3615 ||| READING 2 scrolls of identify.
  3615 | D:5      | 3615 ||| IDENTIFYING glowing yellow potion
  3650 | D:6      | Found a staircase to the Ecumenical Temple.
  3674 | D:6      | Identified the +6 sling "Anko" {venom, rPois rF- Str+2
                  | Stlth+}
  3779 | D:6      | 3779 ||| Stepping ~*~*~tactically~*~*~ (stealth).
  3781 | D:6      | 3781 ||| Stepping ~*~*~tactically~*~*~ (stealth).
  3783 | D:6      | 3783 ||| Stepping ~*~*~tactically~*~*~ (hiding).
  3790 | D:6      | Found an iron altar of Okawaru.
  3795 | D:6      | 3795 ||| Stepping ~*~*~tactically~*~*~ (hiding).
  3796 | D:6      | 3796 ||| INVOKING Fiery Armour.
  3797 | D:6      | HP: 15/78 [gnoll/+0 spear (6)]
  3798 | D:6      | 3798 ||| READING scroll of teleportation.
  3870 | D:6      | Identified the +4 long sword "Izovegye" {freeze, rElec
                  | Str+3 SInv}
  3952 | D:6      | Found a sacrificial altar of Ru.
  3955 | D:6      | Found a white marble altar of Elyvilon.
  4039 | D:6      | Found a stormy altar of Qazlal.
  4068 | D:6      | 4068 ||| Stepping ~*~*~tactically~*~*~ (stealth).
  4279 | D:6      | Found an ancient bone altar of Kikubaaqudgha.
  4354 | D:6      | Noticed Sigmund
  4359 | D:6      | Killed Sigmund
  4360 | D:6      | Reached skill level 11 in Unarmed Combat
  4360 | D:6      | Reached XP level 9. HP: 82/84 MP: 7/9
  4424 | D:6      | 4424 ||| READING 3 scrolls of identify.
  4424 | D:6      | 4424 ||| IDENTIFYING blue potion
  4425 | D:6      | 4425 ||| DROPPING potion of degeneration.
  4430 | D:5      | 4430 ||| Stepping randomly (stuck).
  4458 | D:5      | 4458 ||| Stepping randomly (stuck).
  4619 | D:7      | 4619 ||| Stepping ~*~*~tactically~*~*~ (hiding).
  4620 | D:7      | 4620 ||| Stepping ~*~*~tactically~*~*~ (hiding).
  4624 | D:7      | 4624 ||| INVOKING Fiery Armour.
  4625 | D:7      | 4625 ||| Stepping ~*~*~tactically~*~*~ (outnumbered).
  4656 | D:7      | Identified the +4 long sword "Beumpumo" {freeze, Int+4
                  | Stlth+}
  5063 | D:7      | 5063 ||| Stepping ~*~*~tactically~*~*~ (hiding).
  5065 | D:7      | 5065 ||| Stepping ~*~*~tactically~*~*~ (hiding).
  5066 | D:7      | 5066 ||| Stepping ~*~*~tactically~*~*~ (hiding).
  5258 | D:7      | 5258 ||| UPGRADING to +6 ring of strength.
  5259 | D:7      | 5259 ||| READING scroll labelled PIALUM HAPT.
  5359 | D:8      | 5359 ||| FLEEEEING.
  5360 | D:8      | 5360 ||| FLEEEEING.
  5361 | D:8      | 5361 ||| FLEEEEING.
  5362 | D:8      | 5362 ||| FLEEEEING.
  5363 | D:8      | 5363 ||| FLEEEEING.
  5364 | D:8      | 5364 ||| FLEEEEING.
  5408 | D:8      | 5408 ||| FLEEEEING.
  5412 | D:8      | 5412 ||| FLEEEEING.
  5413 | D:8      | 5413 ||| FLEEEEING.
  5414 | D:8      | 5414 ||| FLEEEEING.
  5415 | D:8      | 5415 ||| FLEEEEING.
  5416 | D:8      | 5416 ||| FLEEEEING.
  5464 | D:8      | 5464 ||| FLEEEEING.
  5465 | D:8      | 5465 ||| FLEEEEING.
  5511 | D:8      | 5511 ||| Stepping ~*~*~tactically~*~*~ (outnumbered).
  5518 | D:8      | Reached skill level 12 in Unarmed Combat
  5603 | D:8      | 5603 ||| Stepping ~*~*~tactically~*~*~ (hiding).
  5606 | D:8      | 5606 ||| Stepping ~*~*~tactically~*~*~ (hiding).
  5620 | D:8      | 5620 ||| Stepping ~*~*~tactically~*~*~ (stealth).
  5622 | D:8      | 5622 ||| Stepping ~*~*~tactically~*~*~ (stealth).
  5626 | D:8      | 5626 ||| Stepping ~*~*~tactically~*~*~ (stealth).
  5721 | D:8      | 5721 ||| Stepping ~*~*~tactically~*~*~ (stealth).
  5725 | D:8      | 5725 ||| Stepping ~*~*~tactically~*~*~ (stealth).
  5733 | D:8      | 5733 ||| Stepping ~*~*~tactically~*~*~ (outnumbered).
  5735 | D:8      | 5735 ||| Stepping ~*~*~tactically~*~*~ (outnumbered).
  5736 | D:8      | 5736 ||| Stepping ~*~*~tactically~*~*~ (outnumbered).
  5802 | D:8      | Found a flagged portal.
  5953 | D:9      | Noticed Joseph
  5954 | D:9      | 5954 ||| FLEEEEING.
  5955 | D:9      | 5955 ||| FLEEEEING.
  5968 | D:9      | 5968 ||| INVOKING Fiery Armour.
  5968 | D:9      | HP: 19/88 [Joseph/+2 quarterstaff of distortion (7)]
  5969 | D:9      | 5969 ||| READING 3 scrolls of teleportation.
  5969 | D:9      | HP: 8/88 [Joseph/+2 quarterstaff of distortion (12)]
  5976 | D:9      | 5976 ||| READING 2 scrolls of teleportation.
  5981 | D:9      | 5981 ||| READING scroll of teleportation.
  5982 | D:9      | 5982 ||| Stepping ~*~*~tactically~*~*~ (hiding).
  5983 | D:9      | 5983 ||| Stepping ~*~*~tactically~*~*~ (outnumbered).
  6008 | D:9      | 6008 ||| Stepping ~*~*~tactically~*~*~ (stealth).
  6033 | D:9      | 6033 ||| Stepping ~*~*~tactically~*~*~ (outnumbered).
  6040 | D:9      | Reached XP level 10. HP: 68/96 MP: 7/10
  6045 | D:9      | 6045 ||| Stepping ~*~*~tactically~*~*~ (stealth).
  6046 | D:9      | 6046 ||| Stepping ~*~*~tactically~*~*~ (stealth).
  6082 | D:9      | Reached skill level 13 in Unarmed Combat
  6085 | D:9      | 6085 ||| Stepping ~*~*~tactically~*~*~ (outnumbered).
  6087 | D:9      | Reached skill level 1 in Armour
  6089 | D:9      | 6089 ||| Stepping ~*~*~tactically~*~*~ (outnumbered).
  6090 | D:9      | 6090 ||| Stepping ~*~*~tactically~*~*~ (outnumbered).
  6091 | D:9      | 6091 ||| Stepping ~*~*~tactically~*~*~ (outnumbered).
  6092 | D:9      | 6092 ||| Stepping ~*~*~tactically~*~*~ (outnumbered).
  6093 | D:9      | 6093 ||| Stepping ~*~*~tactically~*~*~ (outnumbered).
  6094 | D:9      | 6094 ||| Stepping ~*~*~tactically~*~*~ (outnumbered).
  6099 | D:9      | 6099 ||| Stepping ~*~*~tactically~*~*~ (outnumbered).
  6100 | D:9      | 6100 ||| Stepping ~*~*~tactically~*~*~ (outnumbered).
  6101 | D:9      | 6101 ||| Stepping ~*~*~tactically~*~*~ (outnumbered).
  6102 | D:9      | 6102 ||| INVOKING Fiery Armour.
  6241 | D:9      | 6241 ||| INVOKING Fiery Armour.
  6242 | D:9      | Killed Joseph
  6243 | D:9      | Reached skill level 3 in Throwing
  6354 | D:9      | 6354 ||| Stepping ~*~*~tactically~*~*~ (stealth).
  6410 | D:9      | Noticed Maurice
  6418 | D:9      | Killed Maurice
  6489 | D:9      | Found a staircase to the Lair.
  6553 | D:9      | 6553 ||| Stepping ~*~*~tactically~*~*~ (hiding).
  6559 | D:9      | 6559 ||| FLEEEEING.
  6560 | D:9      | 6560 ||| FLEEEEING.
  6566 | D:9      | 6566 ||| FLEEEEING.
  6567 | D:9      | 6567 ||| FLEEEEING.
  6568 | D:9      | 6568 ||| FLEEEEING.
  6568 | D:9      | Found a sparkling altar of Nemelex Xobeh.
  6569 | D:9      | 6569 ||| FLEEEEING.
  6737 | D:9      | Found a burning altar of Makhleb.
  6908 | D:9      | 6908 ||| PLANNING LAIR
  6908 | D:9      | 6908 ||| UPGRADING to +0 cloak of willpower.
  6918 | D:9      | 6918 ||| READING 2 scrolls labelled HOSHUE ACSUZEL.
  6919 | D:9      | 6919 ||| DRINKING 2 puce potions.
  6919 | D:9      | Gained mutation: You are partially covered in large bone
                  | plates. (SH +4) [potion of mutation]
  6919 | D:9      | Gained mutation: Armour fits poorly on your strangely
                  | shaped body. [potion of mutation]
  6920 | D:9      | 6920 ||| DRINKING potion of mutation.
  6920 | D:9      | Lost mutation: Armour fits poorly on your strangely shaped
                  | body. [potion of mutation]
  6920 | D:9      | Lost mutation: You are partially covered in large bone
                  | plates. (SH +4) [potion of mutation]
  6920 | D:9      | Gained mutation: You are weak. (Str -2) [potion of
                  | mutation]
  6920 | D:9      | Gained mutation: You are strong-willed. (Will+) [potion of
                  | mutation]
  6921 | D:9      | 6921 ||| DROPPING scroll of noise.
  6960 | Lair:1   | Entered Level 1 of the Lair of Beasts
  6983 | Lair:1   | Reached skill level 14 in Unarmed Combat
  7001 | Lair:1   | 7001 ||| INVOKING Fiery Armour.
  7017 | Lair:1   | Reached skill level 6 in Fighting
  7134 | Lair:1   | Noticed a cane toad
  7141 | Lair:1   | Killed a cane toad
  7296 | Lair:1   | Noticed a seven-headed hydra
  7297 | Lair:1   | 7297 ||| INVOKING Fiery Armour.
  7302 | Lair:1   | Killed a nine-headed hydra
  7303 | Lair:1   | Reached XP level 11. HP: 105/105 MP: 11/11
  7449 | Lair:1   | 7449 ||| Stepping ~*~*~tactically~*~*~ (stealth).
  7860 | Lair:1   | 7860 ||| READING scroll labelled OCHUCU NOOSIA.
  7899 | Lair:2   | 7899 ||| INVOKING Fiery Armour.
  8003 | Lair:2   | 8003 ||| INVOKING Fiery Armour.
  8010 | Lair:2   | Reached skill level 15 in Unarmed Combat
  8069 | Lair:2   | 8069 ||| Stepping ~*~*~tactically~*~*~ (stealth).
  8070 | Lair:2   | 8070 ||| Stepping ~*~*~tactically~*~*~ (stealth).
  8072 | Lair:2   | 8072 ||| Stepping ~*~*~tactically~*~*~ (outnumbered).
  8073 | Lair:2   | 8073 ||| Stepping ~*~*~tactically~*~*~ (outnumbered).
  8077 | Lair:2   | 8077 ||| FLEEEEING.
  8079 | Lair:2   | 8079 ||| Stepping ~*~*~tactically~*~*~ (outnumbered).
  8080 | Lair:2   | 8080 ||| Stepping ~*~*~tactically~*~*~ (outnumbered).
  8083 | Lair:2   | 8083 ||| FLEEEEING.
  8084 | Lair:2   | 8084 ||| FLEEEEING.
  8085 | Lair:2   | 8085 ||| FLEEEEING.
  8086 | Lair:2   | 8086 ||| FLEEEEING.
  8087 | Lair:2   | 8087 ||| FLEEEEING.
  8088 | Lair:2   | 8088 ||| FLEEEEING.
  8089 | Lair:2   | 8089 ||| FLEEEEING.
  8091 | Lair:2   | 8091 ||| Stepping ~*~*~tactically~*~*~ (outnumbered).
  8093 | Lair:2   | 8093 ||| Stepping ~*~*~tactically~*~*~ (outnumbered).
  8094 | Lair:2   | 8094 ||| Stepping ~*~*~tactically~*~*~ (outnumbered).
  8095 | Lair:2   | 8095 ||| Stepping ~*~*~tactically~*~*~ (outnumbered).
  8096 | Lair:2   | 8096 ||| Stepping ~*~*~tactically~*~*~ (outnumbered).
  8097 | Lair:2   | 8097 ||| Stepping ~*~*~tactically~*~*~ (outnumbered).
  8098 | Lair:2   | 8098 ||| Stepping ~*~*~tactically~*~*~ (outnumbered).
  8300 | Lair:2   | 8300 ||| FLEEEEING.
  8302 | Lair:2   | 8302 ||| FLEEEEING.
  8404 | Lair:2   | Found a staircase to the Shoals.
  8414 | Lair:2   | 8414 ||| INVOKING Fiery Armour.
  8417 | Lair:2   | HP: 18/105 [snapping turtle (17)]
  8641 | Lair:2   | Noticed Erica
  8655 | Lair:2   | Killed Erica
  8656 | Lair:2   | Reached skill level 16 in Unarmed Combat
  9219 | Lair:2   | 9219 ||| PLANNING CONVERSION TO OKAWARU
  9334 | D:6      | Fell from the grace of Ignis
  9334 | D:6      | Became a worshipper of Warmaster Okawaru
  9335 | D:6      | 9335 ||| PLANNING LAIR
  9335 | D:6      | 9335 ||| REMOVING amulet of guardian spirit.
  9340 | D:6      | 9340 ||| UPGRADING to amulet of the acrobat.
  9345 | D:6      | 9345 ||| DROPPING amulet of guardian spirit.
  9446 | Lair:3   | Noticed an eight-headed hydra
  9448 | Lair:3   | HP: 21/107 [ten-headed hydra (6)]
  9449 | Lair:3   | 9449 ||| READING scroll of teleportation.
  9449 | Lair:3   | HP: 9/107 [ten-headed hydra (7)]
  9449 | Lair:3   | Slain by a ten-headed hydra

Levels and vault maps discovered:
D:1:      dpeg_arrival_signposts, layout_basic, chequers_ecumenical_altar_island
D:2:      layout_basic, basic_altar, minmay_misc_feat_roman,
          dreamdust_wishing_well, minmay_box_of_dots
D:3:      layout_basic, amcnicky_altar_gilded, hangedman_decor_growths,
          moated_statue, kennysheep_nondescript
D:4:      layout_basic, kennysheep_generic_room_4, uniq_edmund
D:5:      layout_rooms, grunt_gozag_statues, mainiacjoe_overflow_swirl,
          grunt_ministairs_7, uniq_prince_ribbit1, uniq_eustachio, uniq_duvessa
D:6:      layout_loops_cross, kennysheep_vampire_church,
          nicolae_overflow_squiral, old_standard_altar, kennysheep_mini_moat,
          minmay_temple_entry_drinking_statues, uniq_sigmund
D:7:      layout_basic
D:8:      statuecave_lemuel, layout_gridville, enter_bailey_5
D:9:      layout_irregular_city, mainiacjoe_overflow_six_doors_small,
          nicolae_overflow_crystal_walls, grunt_lair_entry_orc_guard_hut,
          uniq_joseph, uniq_maurice
Lair:1:   layout_cave_pods
Lair:2:   layout_cave_pods, minmay_shoals_entry_hut, beast_lair_carwin_2,
          grunt_megastairs_3, uniq_erica
Lair:3:   layout_roguey, guppyfry_snake_entry_garden

Skill      XL: |  1  2  3  4  5  6  7  8  9 10 11 |
---------------+----------------------------------+-----
Unarmed Combat | 4 5 6 7 9 11 12 14 16 | 16.2
Throwing       | 1 2 5 |  5.0
Fighting       | 3 4 5 6 |  6.7
Dodging        | 1 |  1.3
Armour         | 1 |  1.1
Spellcasting   | |  1.0
Fire Magic     | |  2.1

Action                   |  1- 3 |  4- 6 |  7- 9 | 10-12 || total
-------------------------+-------+-------+-------+-------++-------
Melee: Unarmed           |    76 |    73 |   277 |   187 ||   613
       Punch             |       |       |    13 |     6 ||    19
Throw: Boomerang         |    13 |    30 |    24 |    32 ||    99
       Large rock        |    14 |     6 |       |       ||    20
       Javelin           |       |       |     7 |    37 ||    44
Invok: Fiery Armour      |       |     1 |     5 |     7 ||    13
  Use: Scroll            |     5 |     3 |    13 |     3 ||    24
       Potion            |     3 |       |     1 |     2 ||     6
Armor: Robe              |    23 |    21 |    90 |    47 ||   181
Dodge: Dodged            |    28 |    20 |    86 |    68 ||   202

Table legend:
 A = Non-vault XP
 B = Vault XP
 C = Vault XP percentage of total XP
 D = Non-vault monster count
 E = Vault monster count
 F = Vault count percentage of total count
                 A         B        C        D         E       F
            +---------+---------+-------+---------+---------+-------
      Total |   13777 |    4545 |  24.8 |     195 |      38 |  16.3
            +---------+---------+-------+---------+---------+-------
        D:1 |      30 |       0 |   0.0 |      18 |       0 |   0.0
        D:2 |      38 |       8 |  17.4 |       8 |       4 |  33.3
        D:3 |      45 |       0 |   0.0 |      16 |       0 |   0.0
        D:4 |     268 |     245 |  47.8 |      23 |       2 |   8.0
        D:5 |     576 |     851 |  59.6 |      16 |       6 |  27.3
        D:6 |     458 |     283 |  38.2 |      14 |       8 |  36.4
        D:7 |     326 |       0 |   0.0 |       7 |       0 |   0.0
        D:8 |    1846 |       8 |   0.4 |      29 |       4 |  12.1
        D:9 |    2115 |    1574 |  42.7 |      28 |       8 |  22.2
     Lair:1 |    3327 |       0 |   0.0 |      13 |       0 |   0.0
     Lair:2 |    4748 |    1576 |  24.9 |      23 |       6 |  20.7
            +---------+---------+-------+---------+---------+-------
